 Dungeon Crawl Stone Soup version 0.27-a0-1500-g450c7e4133 (webtiles) character file.

Game seed: 16985448979383877667

8 Sobieck the Magician (level 2, 0/21 HPs)
             Began as a Djinni Fire Elementalist on July 7, 2021.
             Slain by a hobgoblin (5 damage)
             ... on level 1 of the Dungeon.
             The game lasted 00:00:40 (308 turns).

Sobieck the Magician (Djinni Fire Elementalist)      Turns: 308, Time: 00:00:41

Health: 0/21       AC:  2    Str:  7    XL:     2   Next: 15%
Gold:   16         EV: 12    Int: 16    God:
                   SH:  0    Dex: 13

rFire    + + .     SeeInvis .   d - +0 whip {mace}
rCold    x . .     Faith    .   (no shield)
rNeg     . . .     Spirit   .   a - +0 robe rPois โˆž Reflect .
                                (no helmet)
rElec    .         Harm     .   (no cloak)
rCorr    .         Rampage  .   (no gloves)
Will     .....                  (boots unavailable)
Stlth    ++........             (no amulet)
HPRegen  0.07/turn              (no ring)
MPRegen  0.00/turn              (no ring)

@: flying, very slightly contaminated
A: sickness immunity, fire resistance 2, cold vulnerability 1, float, innate
caster, hp casting, extra vitality 1
a: no special abilities


You were on level 1 of the Dungeon.
You visited 1 branch of the dungeon, and saw 2 of its levels.

You collected 16 gold pieces.


Innate Abilities, Weirdness & Mutations

You are immune to sickness and miasma.
You are immune to poison.
Your flesh is very heat resistant. (rF++)
You are vulnerable to cold. (rC-)
You float through the air rather than walking.
You learn spells naturally, not from books.
Your magical power is your life essence.
You have superior vitality. (+4 HP)


   Skills:
 - Level 2.1 Dodging
 - Level 1.5 Stealth
 + Level 2.8 Spellcasting


You couldn't memorise any spells.
You knew the following spells:

 Your Spells              Type           Power      Damage    Failure   Level
a - Foxfire               Conj/Fire      44%        2x1d6     6%          1
b - Conjure Flame         Conj/Fire      11%        6-21      17%         3
c - Inner Flame           Hex/Fire       11%        N/A       17%         3
d - Sticky Flame          Conj/Fire      11%        2d3       50%         4
e - Fireball              Conj/Fire      5%         3d5       85%         5
Your spell library was empty.

Inventory:

Hand Weapons
 d - a +0 whip (weapon) {mace}
   (You took it off a kobold on level 1 of the Dungeon)
Missiles
 e - 3 stones {throwing}
Armour
 a - a +0 robe (worn)
Scrolls
 b - a scroll of identify {unknown}
 c - 2 scrolls of acquirement {unknown}

Dungeon Overview and Level Annotations

Branches:
Dungeon (2/15)

Altars:

#.. #.# # . ....###. ##
##.#.... . #...#
#.ยง...##.# #...# #
#..#....(# #...#
#.##.vv.ยง.# #...#
#....@g...#
####...########.##......
............###.# .#...
................# .. .
............###.# ..
####...###### #.# ..
#...# #.. . #...# ##..
#.>.# ...


You could see a hobgoblin (ally target).


Message History

You fly downwards.
There is a stone staircase leading up here.
You fly upwards.
There is a stone staircase leading down here.
A ball python and a quokka come into view.
The ball python hisses angrily. 2 rats and a goblin come into view.
You conjure some foxfire!
The goblin shouts! ๐Ÿ˜• HP[-1]
You take 1 damage, and now have 14/15 hp.
You miscast Foxfire.
You are very lightly contaminated with residual magic.
Nothing appears to happen.
The foxfire hits the quokka. x2
The quokka bites you. The ball python misses you. The ball python grabs you.
The ball python constricts you. ๐Ÿ˜ฎ HP[-4]
You take 4 damage, and now have 10/15 hp.
MASSIVE DAMAGE!! (PAUSE)
You are too injured to fight recklessly!
Casting: Foxfire (safe; 7% risk of failure)
Confirm with . or Enter, or press ? or * to list all spells.
You conjure some foxfire!
The quokka barely misses you. The ball python barely misses you.
The ball python constricts you. ๐Ÿ˜ฎ HP[-1]
You take 1 damage, and now have 9/15 hp.
Casting: Foxfire (safe; 7% risk of failure)
Confirm with . or Enter, or press ? or * to list all spells.
You conjure some foxfire!
The foxfire hits the ball python.
You kill the ball python!
The quokka barely misses you. ๐Ÿ˜ฎ HP[-1]
You take 1 damage, and now have 8/15 hp.
Casting: Foxfire (safe; 7% risk of failure)
Confirm with . or Enter, or press ? or * to list all spells.
You miscast Foxfire.
Nothing appears to happen.
* * * LOW HITPOINT WARNING * * *
The foxfire hits the quokka.
You kill the quokka!
The foxfire hits the rat. x2
You kill the rat!
You have reached level 2! ๐Ÿ˜ฎ HP[+3]
You now have 21 max hp (+6).
You regained 3 hp, and now have 11/21 hp.
Casting: Foxfire (safe; 6% risk of failure)
Confirm with . or Enter, or press ? or * to list all spells.
You miscast Foxfire.
Nothing appears to happen.
* * * LOW HITPOINT WARNING * * *
The rat misses you. ๐Ÿ˜จ HP[-1]
You take 1 damage, and now have 10/21 hp.
Casting: Foxfire (safe; 6% risk of failure)
Confirm with . or Enter, or press ? or * to list all spells.
You conjure some foxfire!
* * * LOW HITPOINT WARNING * * *
A hobgoblin comes into view.
The rat barely misses you. ๐Ÿ˜จ HP[-1]
You take 1 damage, and now have 9/21 hp.
Unknown command.
Casting: Foxfire (safe; 6% risk of failure)
Confirm with . or Enter, or press ? or * to list all spells.
You conjure some foxfire!
* * * LOW HITPOINT WARNING * * *
The foxfire hits the rat.
You kill the rat! ๐Ÿ˜จ HP[-1]
You take 1 damage, and now have 8/21 hp.
Unknown command.
Casting: Foxfire (safe; 6% risk of failure)
Confirm with . or Enter, or press ? or * to list all spells.
You conjure some foxfire!
* * * LOW HITPOINT WARNING * * *
The foxfire hits the goblin. ๐Ÿ˜จ HP[-1]
You take 1 damage, and now have 7/21 hp.
Unknown command.
Casting: Foxfire (safe; 6% risk of failure)
Confirm with . or Enter, or press ? or * to list all spells.
You don't know that spell.
The foxfire hits the goblin.
You kill the goblin!
Casting: Foxfire (safe; 6% risk of failure)
Confirm with . or Enter, or press ? or * to list all spells.
You conjure some foxfire!
* * * LOW HITPOINT WARNING * * *
๐Ÿ˜จ HP[-1]
You take 1 damage, and now have 6/21 hp.
The foxfire hits the hobgoblin.
The foxfire hits the hobgoblin but does no damage.
Casting: Foxfire (safe; 6% risk of failure)
Confirm with . or Enter, or press ? or * to list all spells.
You conjure some foxfire!
* * * LOW HITPOINT WARNING * * *
The hobgoblin hits you.
You die...

Action                   || total
-------------------------++-------
 Cast: Foxfire           ||    14
Dodge: Dodged            ||     6

Levels and vault maps discovered:
D:1:      psy_arrival_statuary, layout_loops_cross,
          shapermc_ecumenical_altar_pompeii, minmay_tetromino_o2
D:2:      layout_basic, uniq_natasha

Notes
Turn   | Place    | Note
-------+----------+-------------------------------------------
     0 | D:1      | Sobieck the Djinni Fire Elementalist began the quest for
                  | the Orb.
     0 | D:1      | Reached XP level 1. HP: 15/15 MP: 0/0
     0 | D:1      | magus.rc [v1.9.6]
   298 | D:1      | Reached XP level 2. HP: 11/21 MP: 0/0
   308 | D:1      | Slain by a hobgoblin

Vanquished Creatures
  An endoplasm (D:1)
  A goblin (D:1)
  2 quokkas (D:1)
  A ball python (D:1)
  A kobold (D:1)
  2 rats (D:1)
8 creatures vanquished.

Vanquished Creatures (others)
  26 foxfires (D:1)
26 creatures vanquished.

Grand Total: 34 creatures vanquished

Table legend:
 A = Non-vault XP
 B = Vault XP
 C = Vault XP percentage of total XP
 D = Non-vault monster count
 E = Vault monster count
 F = Vault count percentage of total count
                 A         B        C        D         E       F
            +---------+---------+-------+---------+---------+-------
      Total |      10 |       2 |  16.7 |       7 |       1 |  12.5
            +---------+---------+-------+---------+---------+-------
        D:1 |      10 |       2 |  16.7 |       7 |       1 |  12.5
            +---------+---------+-------+---------+---------+-------

Illustrated notes

Table legend:
 A = Kills in this place as a percentage of kills in entire the game.
 B = Kills by you in this place as a percentage of kills by you in the entire game.
 C = Kills by friends in this place as a percentage of kills by friends in the entire game.
 D = Other kills in this place as a percentage of other kills in the entire game.
 E = Experience gained in this place as a percentage of experience gained in the entire game.
 F = Experience gained in this place divided by the number of levels of this place that you have seen.
                   A       B       C       D       E      F
               +-------+-------+-------+-------+-------+----------------------
         Total | 100.0 | 100.0 |   N/A |   N/A | 100.0 |   6.0
       Dungeon | 100.0 | 100.0 |   N/A |   N/A | 100.0 |   6.0
               +-------+-------+-------+-------+-------+----------------------

Table legend: (Time is in decaauts)
 A = Elapsed time spent in this place.
 B = Non-inter-level travel time spent in this place.
 C = Inter-level travel time spent in this place.
 D = Time resting spent in this place.
 E = Time spent auto-exploring this place.
 F = Levels seen in this place.
 G = Mean time per level.
                   A        B        C        D        E       F      G
               +--------+--------+--------+--------+--------+-----+--------+
         Total |    307 |    301 |      6 |      0 |    264 |   2 |  153.5 |
       Dungeon |    307 |    301 |      6 |      0 |    264 |   2 |  153.5 |
               +--------+--------+--------+--------+--------+-----+--------+

Top non-repeatable levels by time:
     D:1: 306 daAuts
     D:2: 1 daAuts
